 Dungeon Sprint DCSS version 0.31.0-32-g396128a36d (webtiles) character file.

Game seed: 9159141881220713199

1850 Heoruswealwe the Impaler (level 8, -5/85 HPs)
             Began as a Minotaur Fighter on Mar 8, 2024.
             Was an Initiate of Gozag.
             Slain by a cyan ugly thing (16 damage)
             ... in the Dungeon (Sprint IX: "|||||||||||||||||||||||||||||").
             The game lasted 00:02:10 (357 turns).

Heoruswealwe the Impaler (Minotaur Fighter)          Turns: 357, Time: 00:02:11

Health: -5/85      AC: 17    Str: 22    XL:     8   Next: 88%
Magic:  7/7        EV:  7    Int:  5    God:    Gozag
Gold:   531        SH:  0    Dex: 11    Spells: 7/7 levels left

rFire   . . .        b - +2 halberd (venom)
rCold   . . .        (shield currently unavailable)
rNeg    . . .        c - +0 plate armour
rPois   .            (helmet restricted)
rElec   .            h - +0 cloak
rCorr   .            (no gloves)
SInv    .            (no boots)
Will    .....        (no amulet) Stlth
                     (no ring)
HPRegen 0.34/turn    (no ring)
MPRegen 0.10/turn

%: no teleportation
@: gold aura
A: horns 2, retaliatory headbutt
a: Renounce Religion, Potion Petition, Call Merchant, Bribe Branch


You were in the Dungeon.
You worshipped Gozag.
Gozag was pleased with you.
You visited 1 branch You collected 531 gold pieces.

Inventory:

Hand Weapons
 a - a +0 trident
 b - a +2 halberd of venom (weapon)
Armour
 c - a +0 plate armour (worn)
 d - a +0 kite shield
 h - a +0 cloak (worn)
Wands
 l - a wand of quicksilver (10)
Scrolls
 j - 2 scrolls of blinking
Potions
 e - 5 potions of curing
 f - 3 potions of heal wounds
 g - a potion of haste
 i - a potion of berserk rage
 k - a potion of might


   Skills:
 + Level 12.5 Fighting
 * Level 16.6 Polearms
 + Level 12.4 Armour
 - Level 3.6 Shields


You had 7 spell levels left.
You didn't know any spells.
Your spell library was empty.

Dungeon Overview and Level Annotations

Branches:
Dungeon (1/1)

Altars:
Cheibriados
Dithmenos
Elyvilon
Fedhas
Gozag
Hepliaklqana
Kikubaaqudgha
Makhleb
Nemelex Xobeh
Okawaru
Qazlal
Ru
Sif Muna
Trog
Uskayaw
Vehumet
Wu Jian
Xom
Yredelemnul
Zin
The Shining One
Jiyva
Lugonu


Innate Abilities, Weirdness & Mutations

You have a pair of horns on your head.
You reflexively headbutt those who attack you in melee.


Message History

You slash the centaur warrior! You headbutt the centaur warrior!
The centaur warrior is almost dead.
The centaur warrior hits you!
The centaur warrior kicks you but does no damage.
You barely miss the centaur warrior.
The centaur warrior is almost dead.
The cyan ugly thing is no longer distracted by gold.
The centaur warrior hits you but does no damage.
The centaur warrior kicks you but does no damage.
You hit the centaur warrior but do no damage.
The centaur warrior looks as sick as possible!
You headbutt the centaur warrior.
You kill the centaur warrior!
Your Fighting skill increases to level 12!
Your Polearms skill increases to level 16!
Your Armour skill increases to level 12!
You slash the cyan ugly thing!
The cyan ugly thing is poisoned.
You headbutt the cyan ugly thing.
The cyan ugly thing is moderately wounded.
You completely miss the cyan ugly thing.
The cyan ugly thing is moderately wounded.
The cyan ugly thing kicks you. The cyan ugly thing shocks you!
* * * LOW HITPOINT WARNING * * *
You slash the cyan ugly thing!
The cyan ugly thing is heavily wounded.
The cyan ugly thing kicks you but does no damage.
You slash the cyan ugly thing!
The cyan ugly thing looks as sick as possible!
The cyan ugly thing is severely wounded.
The centaur warrior is distracted by your dazzling golden aura.
The centaur warrior shouts!
You hit the cyan ugly thing but do no damage.
The cyan ugly thing looks as sick as possible!
You headbutt the cyan ugly thing!
The cyan ugly thing is severely wounded.
The cyan ugly thing kicks you.
* * * LOW HITPOINT WARNING * * *
The cyan ugly thing shocks you!
You die...
Your body crumbles into a pile of gold. ▓▓▓▓▓▓▓▓▓▓▓▓▓▓▓▓▓▓▓▓▓▓▓ ?)[[=...[......'@uDc9.+ ▓▓▓▓▓▓▓▓▓▓▓▓▓▓▓▓▓▓▓▓▓▓▓

You could see a cyan ugly thing (extremely poisoned), a centaur warrior, an acid dragon and a gargoyle.

Vanquished Creatures
  A centaur warrior (D)
  A tengu warrior (D)
  2 yaks (D)
  A steam dragon (D)
  An orc warrior (D)
  A gnoll sergeant (D)
  A wight (D)
  A bombardier beetle (D)
  2 adders (D)
  A white imp (D)
  An orc (D)
  A bat (D)
  A hobgoblin (D)
  3 jackals (D)
18 creatures vanquished.

Notes
Turn   | Place    | Note
-------+----------+-------------------------------------------
     0 | D        | Heoruswealwe the Minotaur Fighter began the quest for the
                  | Orb.
     0 | D        | Reached XP level 1. HP: 19/19 MP: 0/0
     6 | D        | Reached skill level 3 in Polearms
    17 | D        | Reached skill level 4 in Polearms
    22 | D        | Noticed a bombardier beetle
    25 | D        | Reached XP level 2. HP: 27/28 MP: 1/1
    30 | D        | Killed a bombardier beetle
    31 | D        | Reached skill level 5 in Fighting
    31 | D        | Reached skill level 6 in Polearms
    31 | D        | Reached skill level 5 in Armour
    31 | D        | Reached XP level 3. HP: 36/36 MP: 2/2
    55 | D        | Found a snail-covered altar of Cheibriados.
    55 | D        | Found a shadowy altar of Dithmenos.
    55 | D        | Found a white marble altar of Elyvilon.
    55 | D        | Found a blossoming altar of Fedhas.
    55 | D        | Found an opulent altar of Gozag.
    56 | D        | Found a hazy altar of Hepliaklqana.
    57 | D        | Found a viscous altar of Jiyva.
    58 | D        | Found an ancient bone altar of Kikubaaqudgha.
    59 | D        | Found a corrupted altar of Lugonu.
    60 | D        | Found a burning altar of Makhleb.
    61 | D        | Found a sparkling altar of Nemelex Xobeh.
    62 | D        | Found an iron altar of Okawaru.
    63 | D        | Became a worshipper of Gozag Ym Sagoz the Greedy
    64 | D        | Found a stormy altar of Qazlal.
    65 | D        | Found a sacrificial altar of Ru.
    66 | D        | Found a shimmering blue altar of Sif Muna.
    67 | D        | Found a bloodstained altar of Trog.
    68 | D        | Found a hide-covered altar of Uskayaw.
    69 | D        | Found a radiant altar of Vehumet.
    70 | D        | Found an ornate altar of the Wu Jian Council.
    71 | D        | Found a shimmering altar of Xom.
    72 | D        | Found a basalt altar of Yredelemnul.
    73 | D        | Found a glowing silver altar of Zin.
    74 | D        | Found a glowing golden altar of the Shining One.
   139 | D        | Noticed a yak
   139 | D        | Noticed a steam dragon
   139 | D        | Noticed a wight
   139 | D        | Noticed a gnoll sergeant
   139 | D        | Noticed a yak
   139 | D        | Noticed an orc warrior
   145 | D        | Killed a yak
   146 | D        | Reached skill level 10 in Polearms
   146 | D        | Reached XP level 4. HP: 33/48 MP: 3/3
   146 | D        | Reached XP level 5. HP: 37/53 MP: 4/4
   148 | D        | Killed a steam dragon
   149 | D        | Reached skill level 11 in Polearms
   149 | D        | Reached XP level 6. HP: 39/62 MP: 5/5
   153 | D        | Reached skill level 12 in Polearms
   158 | D        | Killed a yak
   159 | D        | Reached XP level 7. HP: 38/71 MP: 6/6
   162 | D        | Reached skill level 10 in Fighting
   162 | D        | Reached skill level 13 in Polearms
   162 | D        | Reached skill level 10 in Armour
   335 | D        | Noticed a tengu warrior
   335 | D        | Noticed a centaur warrior
   335 | D        | Noticed a gargoyle
   335 | D        | Noticed a cyan ugly thing
   335 | D        | Noticed a centaur warrior
   345 | D        | Killed a tengu warrior
   346 | D        | Reached skill level 15 in Polearms
   346 | D        | Reached XP level 8. HP: 48/82 MP: 7/7
   352 | D        | Killed a centaur warrior
   353 | D        | Reached skill level 16 in Polearms
   357 | D        | Slain by a cyan ugly thing

Illustrated notes

Levels and vault maps discovered:
D:        linesprint [early_d, line_temple, items_1, d_10, items_2, lair_1,
          lair_end, items_3, orc_1, orc_end, items_4, d_15, swamp_1, shoals_1,
          snake_1, spider_1, d_20, vaults_1, items_5, swamp_end, shoals_end,
          snake_end, spider_end, vaults_end, d_27, items_6, zot_1, zot_end,
          crypt_end, forest_end, elf_end, slime_end, tomb_end, abyss_end,
          pan_hell_end]

Skill      XL: |  1  2  3  4  5  6  7  8 |
---------------+-------------------------+-----
Polearms       | 4 6 10 11 12 15 16 | 16.6
Fighting       | 4 5 7 8 9 11 12 | 12.5
Armour         | 4 5 7 8 9 11 12 | 12.4
Shields        | |  3.6

Action                     |  1- 3 |  4- 6 |  7- 9 || total
---------------------------+-------+-------+-------++-------
  Melee: Trident           |    38 |       |       ||    38
         Headbutt          |     5 |     2 |     6 ||    13
         Halberd           |     6 |    11 |    26 ||    43
 Armour: Scale mail        |    20 |       |       ||    20
         Plate armour      |     4 |    14 |    32 ||    50
  Dodge: Dodged            |    18 |       |     7 ||    25
  Block: Buckler           |    10 |       |       ||    10
